 Dungeon Crawl Stone Soup version 0.21-a0-51-gea492e9 (webtiles) character file.

3810 grindst0ne the Archer (level 9, -8/86 HPs)
             Began as a Centaur Hunter on June 12, 2017.
             Was an Initiate of Okawaru.
             Killed from afar by Erica (16 damage)
             ... with an orb of energy
             ... on level 6 of the Dungeon.
             The game lasted 00:39:13 (13302 turns).

grindst0ne the Archer (Centaur Hunter)             Turns: 13302, Time: 00:39:13

Health: -8/86      AC: 14    Str: 13    XL:     9   Next: 96%
Magic:  9/9        EV:  7    Int:  8    God:    Okawaru [......]
Gold:   351        SH:  3    Dex: 18    Spells: 8/8 levels left

rFire    . . .     SeeInvis .   b - +2 whip (flame)
rCold    . . .     Gourm    .   (no shield)
rNeg     . . .     Faith    .   B - +5 scale mail "Iwieth" {+Fly rElec Str-2 Dex+5}
rPois    +         Spirit   .   (no helmet)
rElec    +         Reflect  +   H - +2 cloak {rPois}
rCorr    .         Harm     .   (no gloves)
MR       .....                  (no barding)
Stlth    ..........             v - +3 amulet of reflection
Regen    0.3/turn               e - ring of loudness (curse)
MPRegen  0.2/turn               z - -2 ring of intelligence (curse)

@: slowed, drained
A: hooves 3, deformed body, speed 2, tough skin 3
a: Renounce Religion, Evoke Flight


You were on level 6 of the Dungeon.
You worshipped Okawaru.
Okawaru was noncommittal.
You were near starving.

You visited 2 branches of the dungeon, and saw 9 of its levels.
You also visited: Ossuary.

You collected 351 gold pieces.

Inventory:

Hand Weapons
 a - a +2 shortbow of freezing
 b - a +2 whip of flaming (weapon)
 I - a +1 battleaxe of venom
Missiles
 d - 61 arrows
Armour
 B - the +5 scale mail "Iwieth" (worn) {+Fly rElec Str-2 Dex+5}
   (You found it on level 5 of the Dungeon)

   It affects your strength (-2).
   It affects your dexterity (+5).
   It insulates you from electricity.
   It lets you fly.
 H - a +2 cloak of poison resistance (worn)
Jewellery
 e - a cursed ring of loudness (left hand)
 v - a +3 amulet of reflection (around neck)
 x - an uncursed ring of magical power
 z - a cursed -2 ring of intelligence (right hand)
 D - an uncursed ring of fire {unknown}
Wands
 g - a wand of disintegration (18/24)
 n - a wand of random effects (9/48)
 y - a wand of iceblast (6/15)
 C - a wand of lightning (8/15)
 F - a wand of acid (4/15)
Scrolls
 m - 3 scrolls of blinking
 p - 2 scrolls of recharging
 s - 3 scrolls of amnesia
 t - a scroll of enchant weapon
 u - a scroll of identify
 w - 2 scrolls of teleportation
 A - a scroll of magic mapping
 G - a scroll of enchant armour
Potions
 j - 2 potions of flight
 k - a potion of might
 o - 2 potions of brilliance
 E - a potion of magic
Comestibles
 f - a bread ration
 i - 5 royal jellies
 l - 7 meat rations
 r - 5 fruits


   Skills:
 + Level 10.3 Fighting
 + Level 13.6(13.5) Bows
 - Level 1.3 Dodging
 - Level 0.4(0.3) Stealth


You had 8 spell levels left.
You didn't know any spells.

Dungeon Overview and Level Annotations

Branches:
Dungeon (8/15)             Temple (1/1) D:7
   Lair: D:8-11

Altars:
Dithmenos
Elyvilon
Fedhas
Hepliaklqana
Kikubaaqudgha
Okawaru
Ru
Trog
Uskayaw
Vehumet
Wu Jian
Yredelemnul
Zin
The Shining One

Annotations:
D:4 exclusion: 2 downstairs
D:7 Erica


Innate Abilities, Weirdness & Mutations

You have hooves in place of feet.
Armour fits poorly on your strangely shaped body.
You cover ground very quickly.
You have extremely tough skin. (AC +3)


Message History

Something burns you.
* * * LOW HITPOINT WARNING * * *
Something hits you but does no damage.
You climb upwards.
You feel sick.
There is a stone staircase leading down, spattered with blood here.
Things that are here:
a leather armour; a club You hear some strange, mumbled words.
A bolt of poison appears from out of thin air!
The bolt of poison misses you.
Items here: )) [[[ a scale mail; a whip; a leather armour; a robe; a scimitar You feel sick.
You are no longer poisoned.
You hear some strange, mumbled words.
Something tries to affect you, but you resist.
You hear some strange, mumbled words.
An orb of energy appears from out of thin air!
The orb of energy hits you!
You die...

#......# #.##.......###.#.#####
##.....##
#.......#.............
#......###.......##.......#####
###.#.(..[(#####...#.##.#.#
#..#.###.# #.##.###.#[#
#####.#.## #.# #........#.#
...(..### #.# #..#######.#
####### #.#####.########.#
#....@...........#
#.##.############# #.##.#
######## #.##[# .......#
#.##[################# ######.#
#..#.>..[............# #.#
##.#...########......)# #.#
#.###..# ######..#'#..# #.#
##.#...###...##..#_#..#


There were no monsters in sight!

Vanquished Creatures
  Pikel (D:4)
  Eustachio (D:5)
  Menkaure (D:4)
  An orc warrior (D:6)
  3 phantoms
  4 centaurs
  3 ogres
  2 elf zombies (Ossuary)
  A wyvern zombie (D:6)
  3 elf skeletons (D:4)
  A scorpion (D:6)
  4 killer bees
  5 wights
  2 howler monkeys
  2 jellies
  A bullfrog zombie (D:7)
  A centaur zombie (Ossuary)
  A bullfrog skeleton (D:4)
  2 centaur skeletons (D:7)
  2 human zombies
  7 hounds
  3 orc priests
  Crazy Yiuf (D:7)
  4 orc wizards
  2 iguanas
  5 worker ants
  A hound skeleton (D:4)
  2 mummies (Ossuary)
  11 gnolls
  10 adders
  4 shadow imps
  An ooze (D:3)
  An adder zombie (Ossuary)
  2 worms
  2 dart slugs
  2 leopard geckos (D:6)
  17 orcs
  5 giant cockroaches
  5 goblins
  5 hobgoblins
  8 jackals
  2 quokkas
  7 bats
  4 frilled lizards
  A goblin zombie (Ossuary)
  8 hobgoblin zombies (Ossuary)
  3 jackal zombies (Ossuary)
  7 kobolds
  5 kobold zombies (Ossuary)
  A leopard gecko skeleton (D:3)
  A leopard gecko zombie (D:5)
  An orc skeleton (D:4)
  13 orc zombies
  7 rats
  3 rat zombies (Ossuary)
202 creatures vanquished.

Vanquished Creatures (others)
  2 slaves (D:5)
  A killer bee (D:5)
  An orc priest (D:5)
  A worker ant (D:5)
  3 gnolls (D:5)
  4 orcs (D:5)
12 creatures vanquished.

Grand Total: 214 creatures vanquished

Notes
Turn   | Place    | Note
-------+----------+-------------------------------------------
     0 | D:1      | grindst0ne the Centaur Hunter began the quest for the Orb.
     0 | D:1      | Reached XP level 1. HP: 17/17 MP: 1/1
   874 | D:1      | Reached XP level 2. HP: 20/25 MP: 2/2
  1280 | D:2      | Reached XP level 3. HP: 30/30 MP: 3/3
  1320 | D:2      | Found an ancient bone altar of Kikubaaqudgha.
  1385 | D:2      | Reached skill level 6 in Bows
  1803 | D:2      | Reached XP level 4. HP: 15/38 MP: 4/4
  2950 | D:3      | Found a glowing silver altar of Zin.
  3105 | D:3      | Reached XP level 5. HP: 46/46 MP: 5/5
  3132 | D:3      | Reached skill level 7 in Bows
  4087 | D:4      | Reached XP level 6. HP: 23/55 MP: 6/6
  4167 | D:4      | Reached skill level 5 in Fighting
  4167 | D:4      | Reached skill level 8 in Bows
  4199 | D:4      | Found a sand-covered staircase.
  4291 | Ossuary  | Entered an ossuary
  4986 | Ossuary  | Reached XP level 7. HP: 22/62 MP: 7/7
  5253 | Ossuary  | Reached skill level 9 in Bows
  6575 | D:4      | Reached XP level 8. HP: 72/73 MP: 8/8
  6742 | D:4      | Reached skill level 10 in Bows
  6904 | D:5      | Entered Level 5 of the Dungeon
  6940 | D:5      | Noticed Eustachio
  6967 | D:5      | Found a hide-covered altar of Uskayaw.
  7007 | D:5      | Killed Eustachio
  7705 | D:5      | Noticed Menkaure
  7716 | D:4      | Killed Menkaure
  8008 | D:5      | Reached skill level 11 in Bows
  8012 | D:5      | Noticed Pikel
  8203 | D:4      | Killed Pikel
  8203 | D:4      | Reached XP level 9. HP: 38/82 MP: 9/9
  9016 | D:5      | Got a brightly glowing scale mail
  9030 | D:5      | Identified the +5 scale mail "Iwieth" {+Fly rElec Str-2 Dex+5} (You found it on level 5 of the Dungeon)
  9089 | D:5      | Reached skill level 12 in Bows
  9788 | D:6      | Found an ornate altar of the Wu Jian Council.
 10139 | D:6      | Found a blossoming altar of Fedhas.
 11391 | D:6      | Reached skill level 13 in Bows
 11571 | D:7      | Reached skill level 10 in Fighting
 12073 | D:7      | Found a staircase to the Ecumenical Temple.
 12410 | D:7      | Found a runed door.
 12423 | D:7      | Noticed Crazy Yiuf
 12433 | D:7      | Paralysed by Crazy Yiuf for 7 turns
 12444 | D:7      | Killed Crazy Yiuf
 12643 | Temple   | Entered the Ecumenical Temple
 12826 | Temple   | Became a worshipper of Warmaster Okawaru
 13112 | D:8      | Noticed Erica
 13280 | D:7      | HP: 2/86 [Erica/orb of energy (27)]
 13302 | D:6      | Killed from afar by Erica

Vault maps used:
D:1:      elethiomel_arrival_quiet
D:2:      kiku_gazebo_garden_becter, minmay_tetromino_i4
D:3:      zin_scriptorium
D:4:      nicolae_ossuary_entry_catacombs, first_bread
D:5:      basic_altar, uniq_pikel, uniq_eustachio, uniq_menkaure
D:6:      kennysheep_mini_moat, old_standard_altar
D:7:      temple_statues, grunt_ministairs_1, uniq_crazy_yiuf_cottage
D:8:      minitemple, the_bakery, uniq_erica
Temple:   jpeg_temple_island
Ossuary:  ossuary_tomb_1

Skill      XL: |  1  2  3  4  5  6  7  8  9 |
---------------+----------------------------+-----
Fighting       | 3 4 5 7 8 10 | 10.3
Bows           | 6 7 8 9 11 13 | 13.6
Dodging        | |  1.3
Stealth        | |  0.4

Action                   |  1- 3 |  4- 6 |  7- 9 || total
-------------------------+-------+-------+-------++-------
Melee: Short sword       |    88 |   161 |   188 ||   437
       Kick              |     4 |    48 |   114 ||   166
       Spear             |       |    38 |       ||    38
       Whip              |       |       |   236 ||   236
       Shortbow          |       |       |     1 ||     1
 Fire: Shortbow          |    39 |   171 |   268 ||   478
  Use: Scroll            |     5 |     8 |     6 ||    19
       Potion            |       |       |    10 ||    10
  Eat: Chunk             |     1 |     6 |    15 ||    22
       Bread ration      |       |     1 |     2 ||     3
Armor: Leather armour    |    40 |    82 |       ||   122
       Robe              |       |       |   102 ||   102
       Scale mail        |       |       |   140 ||   140
Dodge: Dodged            |    56 |   120 |   278 ||   454
Block: Other             |       |       |    30 ||    30
       Reflection        |       |       |     2 ||     2
